Map: Dusk Towers

Players

Pokebunny

  • Race: Terran Terran
  • League: Grandmaster

TRAGIC - Winner!

  • Race: Terran Terran
  • League: Master

VOD

Have the link to the VOD?

Description

Time

  • Played on: April 5, 2016, 8:40 p.m.
  • Length: 10:17
Show
View Real Time Build Order
Export as new Build Order

Pokebunny Terran 

Build Orders: Reaper Expand, MMM Bio 

Get SALT Encoding   

  12  0:00  SCV  
  13  0:13  SCV  
  14  0:18  Supply Depot  
  14  0:25  SCV  
  15  0:40  SCV  
  15  0:41  Barracks  
  16  0:45  Refinery  
  16  0:52  SCV  
  17  1:04  SCV  
  18  1:16  SCV  
  19  1:30  Orbital Command, Reaper  
  20  1:41  Command Center  
  20  1:49  Supply Depot  
  20  1:55  SCV  
  21  2:02  Marine  
  23  2:08  Factory, SCV  
  23  2:17  Refinery  
  23  2:19  Marine  
  23  2:20  SCV  
  25  2:36  SCV  
  26  2:37  Marine  
  27  2:48  SCV  
  28  2:52  Hellion, Starport  
  28  2:55  Orbital Command, Marine  
  31  3:00  SCV  
  32  3:12  SCV  
  32  3:14  Widow Mine, Barracks Tech Lab  
  32  3:18  Engineering Bay  
  34  3:26  Barracks  
  34  3:32  Barracks  
  34  3:35  Medivac  
  34  3:38  Marine  
  34  3:40  Stimpack  
  37  3:46  Missile Turret  
  37  3:47  SCV  
  36  3:55  Marine  
  36  4:01  Factory Tech Lab  
  35  4:05  Viking  
  35  4:06  SCV x2  
  35  4:09  Supply Depot  
  39  4:14  Marine x2  
  39  4:15  Bunker  
  41  4:19  Marine  
  41  4:21  Supply Depot  
  42  4:29  Siege Tank  
  42  4:31  SCV x2  
  47  4:35  Supply Depot  
  47  4:41  Marine x3  
  50  4:52  Viking  
  52  5:01  Siege Tank  
  55  5:12  Marine x3  
  56  5:15  Supply Depot  
  56  5:26  Viking  
  58  5:33  Barracks Reactor x2, Marine  
  59  5:36  Refinery, SCV x2  
  59  5:37  Refinery  
  59  5:38  Supply Depot  
  61  5:45  Combat Shields  
  61  5:58  Marine  
  61  5:59  Starport Reactor  
  61  6:01  SCV x2  
  64  6:09  Siege Tank  
  67  6:11  Marine  
  67  6:12  Marine x3  
  67  6:14  Command Center  
  67  6:18  Terran Infantry Weapons Level 1  
  71  6:22  Supply Depot, SCV  
  72  6:26  Marine  
  72  6:29  SCV  
  74  6:34  SCV  
  74  6:47  Medivac x2  
  74  6:49  SCV x2  
  80  7:03  Marine x5  
  85  7:11  Barracks x2, Supply Depot x2  
  70  7:31  Marine x5  
  70  7:32  Siege Tank  
  70  7:33  Medivac x2  
  70  7:36  Orbital Command  
  74  7:42  Armory  
  74  7:50  Marine x2  
  76  7:51  Engineering Bay, Supply Depot  
  76  8:02  Sensor Tower  
  76  8:04  Missile Turret  
  76  8:07  Siege Tank  
  76  8:08  Missile Turret  
  68  8:35  Marine  
  65  8:42  Siege Tank  
  65  8:44  Barracks Reactor, Marine x4  
  65  8:45  Marine  
  77  8:50  Supply Depot  
  77  8:53  Marine  
  78  8:56  Viking x2  
  78  9:02  Orbital Command, Marine x4  
  81  9:06  Marine  
  83  9:11  Marine  
  83  9:15  Missile Turret  
  84  9:17  Missile Turret  
  84  9:20  Marine x4  
  84  9:24  Marine  
  85  9:33  SCV x2  
  85  9:34  SCV  
  85  9:37  Siege Tank, Marine x2  
  89  9:51  Marine x3  
  89  9:52  Marine x2  
  68  9:53  Marine  
  68  9:55  Marine  
  68  9:56  Marine  
Show
View Real Time Build Order
Export as new Build Order

TRAGIC Terran - Winner!

Build Orders: MMM Bio 

Get SALT Encoding   

  12  0:00  SCV  
  13  0:13  SCV  
  14  0:17  Supply Depot  
  14  0:25  SCV  
  15  0:39  SCV  
  15  0:40  Barracks  
  16  0:45  Refinery  
  16  0:51  SCV  
  17  1:03  SCV  
  18  1:15  SCV  
  19  1:27  Orbital Command  
  19  1:29  Barracks Reactor  
  19  1:40  Command Center  
  19  1:51  Supply Depot  
  19  1:53  SCV  
  20  2:05  Marine, SCV  
  20  2:06  Marine  
  23  2:10  Factory  
  23  2:17  SCV  
  23  2:18  Refinery  
  24  2:23  Marine x2  
  26  2:33  SCV  
  27  2:41  Marine x2  
  29  2:49  SCV  
  30  2:52  Orbital Command  
  30  2:55  Factory Tech Lab  
  30  2:59  Starport  
  30  3:01  SCV  
  30  3:02  Marine  
  30  3:03  Marine  
  33  3:13  Supply Depot, SCV  
  33  3:16  Siege Tank  
  33  3:19  SCV  
  38  3:23  Marine x2  
  38  3:26  SCV  
  41  3:31  SCV  
  41  3:41  Marine x2  
  41  3:43  Medivac  
  41  3:45  SCV x2  
  47  3:49  Supply Depot  
  47  3:59  Marine x2  
  47  4:00  Siege Tank  
  47  4:02  SCV x2  
  52  4:07  Barracks  
  52  4:13  Engineering Bay  
  52  4:17  Marine x2  
  52  4:18  Viking  
  52  4:22  SCV x2  
  58  4:24  Supply Depot  
  58  4:34  SCV x2  
  58  4:35  Marine x2  
  62  4:45  Missile Turret  
  62  4:46  SCV x2  
  63  4:54  Marine  
  63  4:55  Barracks Tech Lab, Marine  
  63  4:57  Starport Reactor  
  63  4:58  Siege Tank  
  63  4:59  Barracks  
  68  5:00  Refinery  
  68  5:01  SCV x2  
  68  5:02  Refinery  
  69  5:13  Marine x2  
  67  5:14  Marine  
  67  5:15  Stimpack  
  67  5:16  SCV x2  
  70  5:21  Terran Infantry Weapons Level 1  
  70  5:37  Missile Turret  
  70  5:38  Marine x3, Medivac, SCV x2  
  70  5:39  Supply Depot  
  77  5:47  Barracks Reactor  
  77  5:56  Marine  
  78  6:00  Marine x2, Medivac  
  78  6:01  Command Center  
  82  6:04  Supply Depot  
  82  6:09  SCV  
  82  6:10  SCV  
  84  6:13  Supply Depot  
  84  6:16  Supply Depot  
  84  6:19  Medivac  
  86  6:25  Marine x4  
  89  6:40  Marine  
  89  6:42  Siege Tank  
  89  6:43  Marine x3, SCV x2  
  97  6:58  Marine x2  
  97  7:01  Marine x2  
  98  7:03  Marine  
  98  7:05  SCV x2  
  98  7:07  Medivac x2  
  107  7:17  Orbital Command, SCV  
  107  7:18  Combat Shields  
  108  7:23  SCV  
  108  7:29  SCV  
  101  7:34  Marine x5  
  105  7:38  Barracks, Terran Infantry Armor Level 1  
  105  7:40  Barracks  
  105  7:42  Orbital Command  
  105  7:47  Medivac x2  
  105  7:49  SCV x2  
  111  7:57  Armory  
  111  7:59  Marine x4  
  111  8:00  Engineering Bay, Marine  
  111  8:01  Siege Tank  
  119  8:06  SCV x2, Missile Turret  
  121  8:18  SCV  
  122  8:22  Marine x3  
  122  8:25  Supply Depot  
  125  8:27  Supply Depot  
  125  8:28  Supply Depot  
  125  8:30  SCV x2  
  125  8:31  Marine  
  125  8:32  SCV  
  125  8:35  Marine  
  121  8:41  Marine  
  121  8:42  Barracks Reactor x2  
  122  8:49  Siege Tank, Marine x3  
  122  8:50  Medivac x2  
  122  8:52  SCV x3  
  135  8:58  Supply Depot  
  135  8:59  Supply Depot  
  135  9:11  Marine x4  
  135  9:12  Refinery x2, Marine  
  140  9:18  Marine x2  
  140  9:19  Supply Depot x2, Marine  
  140  9:20  Supply Depot  
  143  9:29  Marine  
  133  9:36  Marine x5  
  133  9:37  Marine  
  133  9:38  Siege Tank  
  141  9:50  Factory  
  124  9:55  Marine x9  
Tags
 
Add a new tag
Caveats
  • Supply blocks, unpowered buildings, or Contaminate may cause inaccurate times.
  • Supply counts are checked every 10 seconds.